 Dungeon Crawl Stone Soup version 0.30.1-3-gfc49f6343a (webtiles) character file.

Game seed: 2262188481906812110

224 Bronimir the Shooter (level 5, 0/44 HPs)
             Began as a Minotaur Hunter on July 29, 2023.
             Succumbed to Ijyb's poison
             ... on level 3 of the Dungeon.
             The game lasted 00:06:13 (2273 turns).

Bronimir the Shooter (Minotaur Hunter)              Turns: 2273, Time: 00:06:13

Health: 0/44       AC:  4    Str: 18    XL:     5   Next: 67%
Magic:  4/4        EV: 12    Int:  6    God:
Gold:   168        SH:  0    Dex: 13    Spells: 0/4 levels left

rFire   . . .        a - +0 shortbow
rCold   . . .        (shield currently unavailable)
rNeg    . . .        c - +0 leather armour
rPois   .            (helmet restricted)
rElec   .            (no cloak)
rCorr   .            j - +0 pair of gloves
SInv    .            (no boots)
Will    .....        (no amulet)
Stlth   +            (no ring)
HPRegen 0.27/turn    (no ring)
MPRegen 0.09/turn

%: no passive effects
@: mighty, lethally poisoned (0 -> -25), flying, hasted, very quick
A: horns 2, retaliatory headbutt
a: no special abilities


You were on level 3 of the Dungeon.
You visited 1 branch of the dungeon, and saw 4 of its levels.

You collected 168 gold pieces.

Inventory:

Hand Weapons
 a - a +0 shortbow (weapon)
 o - a +0 spear
Missiles
 p - 4 silver javelins
Armour
 c - a +0 leather armour (worn)
 j - a +0 pair of gloves (worn)
 q - an orb of energy
Magical Staves
 d - a staff of conjuration
Jewellery
 g - an amulet of guardian spirit
 l - a ring of wizardry
Wands
 n - a wand of polymorph (6)
 t - a wand of digging (7)
Scrolls
 b - 2 scrolls of immolation
 e - 4 scrolls of identify
Potions
 k - a potion of haste
 r - a potion of magic {unknown}


   Skills:
 * Level 2.8 Fighting
 * Level 6.9 Ranged Weapons
 * Level 2.6 Armour
 + Level 2.4 Dodging
 - Level 0.8 Stealth


You couldn't memorise any spells.
You knew the following spells:

 Your Spells              Type           Power      Damage    Failure   Level
a - Anguish               Hex/Necr       0%         N/A       99%         4

Your spell library contained the following spells:

 Spells                   Type           Power      Damage    Failure   Level
 Ensorcelled Hibernation  Hex/Ice        0%         N/A       65%         2
 Dazzling Flash           Conj/Hex       0%         N/A       87%         3
 Spider Form              Tmut/Pois      0%         N/A       87%         3
 Agony                    Necr           0%         N/A       100%        5
 Silence                  Hex/Air        0%         N/A       100%        5


Dungeon Overview and Level Annotations

Branches:
Dungeon (4/15)
 Temple: D:4-7

Altars:
Elyvilon
Ru

Shops:
D:3 [

Annotations:
D:3 Ijyb


Innate Abilities, Weirdness & Mutations

You have a pair of horns on your head.
You reflexively headbutt those who attack you in melee.


Message History

Aim: Ijyb, wielding a +2 dagger of venom, wearing a +0 ring mail and carrying a wand of iceblast (10) (heavily wounded, 58% to hit)
You shoot an arrow. The arrow hits Ijyb.
Ijyb is heavily wounded.
* * * LOW HITPOINT WARNING * * *
You feel very sick.
Ijyb hits you with a +2 dagger of venom.
* * * LOW HITPOINT WARNING * * *
You are more poisoned.
You feel much better.
You feel very sick.
Fire: a) +0 shortbow
Press: ? - help, Q - select action, (/) - cycle Shift-Dir - straight line, f/p - Ijyb
Aim: Ijyb, wielding a +2 dagger of venom, wearing a +0 ring mail and carrying a wand of iceblast (10) (heavily wounded, 58% to hit)
You shoot an arrow. The arrow barely misses Ijyb.
You feel very sick. Ijyb closely misses you.
Fire: a) +0 shortbow
Press: ? - help, Q - select action, (/) - cycle Shift-Dir - straight line, f/p - Ijyb
Aim: Ijyb, wielding a +2 dagger of venom, wearing a +0 ring mail and carrying a wand of iceblast (10) (heavily wounded, 58% to hit)
You shoot an arrow. The arrow hits Ijyb but does no damage.
Ijyb is heavily wounded.
You feel very sick. Ijyb screams, "I no like you!"
Ijyb hits you with a +2 dagger of venom.
You are more poisoned.
Fire: a) +0 shortbow
Press: ? - help, Q - select action, (/) - cycle Shift-Dir - straight line, f/p - Ijyb
Aim: Ijyb, wielding a +2 dagger of venom, wearing a +0 ring mail and carrying a wand of iceblast (10) (heavily wounded, 58% to hit)
You shoot an arrow. The arrow barely misses Ijyb.
* * * LOW HITPOINT WARNING * * *
You feel extremely sick.
It was a potion of flight.
You feel very buoyant.
You fly up into the air.
* * * LOW HITPOINT WARNING * * *
You feel very sick. Ijyb closely misses you.
It was a potion of might.
You feel very mighty all of a sudden.
You die...

###########.....#.####......##.
#....).)........#.......#.####.
###.########).....#.#####.### ##
.#..# #......#.# #.##
(.##########........# #.# ♣
≈................#######.♣♣ ♣♣♣
≈...................#.....♣♣ ♣♣..
§..............#.##........♣♣♣...
.)..............@.....≈~≈...♣...≈
.#..............g##..≈≈~≈≈.....≈≈
##...................~~♣~~.....~~
#...............##..≈≈~≈≈.....≈≈
#########.##.##.##...≈~≈...♣...≈
#.......###.......♣♣♣... #######
#####.#### ##.....♣♣ ♣♣..
......###.....###########♣♣ ♣♣♣
##†.......###.......###### ♣


You could see Ijyb.

Vanquished Creatures
  Robin (D:2)
  7 gnolls
  6 adders
  3 worms
  3 dart slugs
  An orc (D:3)
  7 endoplasms
  2 giant cockroaches
  12 goblins
  8 hobgoblins
  4 quokkas
  3 ball pythons
  7 bats
  4 frilled lizards
  8 kobolds
  3 rats
79 creatures vanquished.

Notes
Turn   | Place    | Note
-------+----------+-------------------------------------------
     0 | D:1      | Bronimir the Minotaur Hunter began the quest for the Orb.
     0 | D:1      | Reached XP level 1. HP: 18/18 MP: 0/0
   249 | D:1      | Reached XP level 2. HP: 25/25 MP: 1/1
   353 | D:1      | Reached skill level 5 in Ranged Weapons
   781 | D:2      | Reached XP level 3. HP: 30/30 MP: 2/2
   908 | D:2      | You fall into a shaft and drop 1 floor!
   996 | D:2      | Reached skill level 1 in Armour
   996 | D:2      | Reached XP level 4. HP: 35/37 MP: 3/3
  1110 | D:2      | Found a sacrificial altar of Ru.
  1111 | D:2      | Noticed Robin
  1115 | D:2      | Reached skill level 6 in Ranged Weapons
  1122 | D:2      | Killed Robin
  1133 | D:3      | Found Ohiy's Armour Shop.
  1297 | D:3      | Reached XP level 5. HP: 40/42 MP: 4/4
  1356 | D:3      | Found a white marble altar of Elyvilon.
  1848 | D:3      | Learned a level 4 spell: Anguish
  2246 | D:4      | Noticed Ijyb
  2273 | D:3      | Succumbed to Ijyb's poison

Illustrated notes

Levels and vault maps discovered:
D:1:      eino_arrival_druids_welcome, layout_basic, serial_glass,
          glass_columns_a, glass_columns_a, glass_columns_b, glass_columns_b,
          glass_columns_b, glass_columns_c, glass_columns_b, glass_columns_a,
          due_unseen_surprise, minmay_strange_pillars, feat_on_display,
          feat_on_display, kennysheep_decorative_pillar, st_stairs_3
D:2:      layout_rooms, basic_altar, serial_bayou_crossing, uniq_robin
D:3:      layout_loops_cross, elyvilon_altar_3, serial_shops,
          nicolae_lakefront_shop
D:4:      layout_loops_ring, dreamdust_mushroom_princess,
          hangedman_abyss_or_decor_lesser_grid, corner_web_ring,
          minmay_quadrilaterals, uniq_ijyb, uniq_blork_the_orc, uniq_pikel

Skill      XL: |  1  2  3  4 |
---------------+-------------+-----
Ranged Weapons | 5 6 |  6.9
Armour         | 1 2 |  2.6
Fighting       | |  2.8
Dodging        | |  2.4
Stealth        | |  0.8

Action                     |  1- 3 |  4- 6 || total
---------------------------+-------+-------++-------
   Fire: Shortbow          |   102 |   144 ||   246
    Use: Potion            |       |     5 ||     5
         Scroll            |       |     4 ||     4
 Armour: Leather armour    |    10 |     8 ||    18
  Dodge: Dodged            |    35 |    39 ||    74
